TOP OF THE 1ST |
New York Yankees batting - Pitching for Texas Rangers : LHP Alex Wood
|
Pitching: LHP Alex Wood
|
|
Batting: RHB Garrett Hampson
|
0-0: Ball 1-0: Called Strike 1-1: Swinging Strike 1-2: Ball 2-2: Strikes out swinging
|
Batting: LHB Brandon Crawford
|
0-0: Ball 1-0: Ball 2-0: Ball 3-0: Base on Balls
|
Batting: RHB Anthony Rendon
|
0-0: Ball 1-0: Grounds into double play, 6-4-3 (Groundball, 6, EV 81.3 MPH)
|
Top of the 1st over - 0 runs, 0 hits, 0 errors, 0 left on base; New York 0 - Texas 0 |
BOTTOM OF THE 1ST |
Texas Rangers batting - Pitching for New York Yankees : RHP Trevor Richards
|
Pitching: RHP Trevor Richards
|
|
Batting: LHB Ender Inciarte
|
0-0: Bunt for hit to 3S - play at first, batter OUT! 3-4
|
Batting: SHB Cesar Hernandez
|
0-0: Fly out, F7 (Flyball, 7LD, EV 85.6 MPH)
|
Batting: LHB Bryce Harper
|
0-0: Foul Ball, location: 2F 0-1: Foul Ball, location: 2F 0-2: Ball 1-2: Foul Ball, location: 2F 1-2: Foul Ball, location: 2F 1-2: Foul Ball, location: 2F 1-2: Foul Ball, location: 2F 1-2: Ball 2-2: Ball 3-2: SINGLE (Groundball, 4MD, EV 93.8 MPH)
|
Batting: LHB Eric Thames
|
0-0: Ball 1-0: Called Strike 1-1: Foul Ball, location: 2F 1-2: Foul Ball, location: 2F 1-2: DOUBLE (Flyball, 8RXD, EV 98.8 MPH) Bryce Harper to third Runner from 3rd tries for Home, SAFE, no throw by CF
|
Batting: LHB Joc Pederson
|
0-0: Ball 1-0: Foul Ball, location: 2F 1-1: Foul Ball, location: 2F 1-2: Ball 2-2: Fly out, F9 (Flyball, 89S, EV 83.1 MPH)
|
Bottom of the 1st over - 1 run, 2 hits, 0 errors, 1 left on base; New York 0 - Texas 1 |
TOP OF THE 2ND |
New York Yankees batting - Pitching for Texas Rangers : LHP Alex Wood
|
Batting: RHB Paul Goldschmidt
|
0-0: Foul Ball, location: 2F 0-1: Foul Ball, location: 2F 0-2: Ball 1-2: Foul Ball, location: 2F 1-2: Ball 2-2: Fly out, F9 (Flyball, 89M, EV 82.5 MPH)
|
Batting: LHB Willie Calhoun
|
0-0: Called Strike 0-1: Ball 1-1: Ball 2-1: Swinging Strike 2-2: Ball 3-2: Strikes out swinging passed ball, reaches first!
|
Batting: RHB Ryan Braun
|
0-0: Ball 1-0: Swinging Strike 1-1: Ball 2-1: Ball 3-1: Fly out, F9 (Flyball, 9LS, EV 82.5 MPH)
|
Batting: LHB Austin Allen
|
0-0: Ball 1-0: SINGLE (Line Drive, 89S, EV 98.8 MPH) Willie Calhoun to second
|
Batting: RHB Eloy Jimenez
|
0-0: Called Strike 0-1: Ball 1-1: SINGLE (Line Drive, 9S, EV 96.9 MPH) Willie Calhoun to third Austin Allen to second
|
Batting: RHB Manuel Margot
|
0-0: Called Strike 0-1: Fly out, F6 (Popup, 6M, EV 64.4 MPH)
|
Top of the 2nd over - 0 runs, 2 hits, 0 errors, 3 left on base; New York 0 - Texas 1 |
BOTTOM OF THE 2ND |
Texas Rangers batting - Pitching for New York Yankees : RHP Trevor Richards
|
Batting: RHB Andrelton Simmons
|
0-0: Called Strike 0-1: Swinging Strike 0-2: Ball 1-2: Fly out, F9 (Flyball, 89D, EV 91.9 MPH)
|
Batting: LHB Max Muncy
|
0-0: Fly out, F8 (Flyball, 8RS, EV 86.3 MPH)
|
Batting: RHB Max Stassi
|
0-0: Called Strike 0-1: Fly out, F9 (Line Drive, 9, EV 110.0 MPH)
|
Bottom of the 2nd over - 0 runs, 0 hits, 0 errors, 0 left on base; New York 0 - Texas 1 |
TOP OF THE 3RD |
New York Yankees batting - Pitching for Texas Rangers : LHP Alex Wood
|
Batting: RHB Garrett Hampson
|
0-0: Ball 1-0: Ball 2-0: Foul Ball, location: 2F 2-1: Ground out 4-3 (Groundball, 4, EV 108.8 MPH)
|
Batting: LHB Brandon Crawford
|
0-0: Called Strike 0-1: Ball 1-1: SOLO HOME RUN (Flyball, 9D, EV 100.0 MPH), Distance : 375 ft
|
Batting: RHB Anthony Rendon
|
0-0: Ball 1-0: Swinging Strike 1-1: DOUBLE (Line Drive, 89M, EV 95.6 MPH)
|
Batting: RHB Paul Goldschmidt
|
0-0: Ball 1-0: SINGLE (Groundball, 6D, EV 105.0 MPH) Anthony Rendon to third
|
Batting: LHB Willie Calhoun
|
0-0: Called Strike 0-1: Ball 1-1: Ball 2-1: Foul Ball, location: 2F 2-2: Foul Ball, location: 2F 2-2: Strikes out swinging
|
Batting: RHB Ryan Braun
|
0-0: Ball 1-0: Foul Ball, location: 2F 1-1: Ball 2-1: Foul Ball, location: 2F 2-2: Foul Ball, location: 2F 2-2: Fly out, F8 (Flyball, 8RXD, EV 91.3 MPH)
|
Top of the 3rd over - 1 run, 3 hits, 0 errors, 2 left on base; New York 1 - Texas 1 |
BOTTOM OF THE 3RD |
Texas Rangers batting - Pitching for New York Yankees : RHP Trevor Richards
|
Batting: LHB Luis Guillorme
|
0-0: Ball 1-0: SOLO HOME RUN (Flyball, 7D, EV 100.6 MPH), Distance : 381 ft
|
Batting: LHB Ender Inciarte
|
0-0: Foul Ball, location: 2F 0-1: Ball 1-1: Foul Ball, location: 2F 1-2: Strikes out swinging
|
Batting: SHB Cesar Hernandez
|
0-0: Bunted foul 0-1: Ball 1-1: Ball 2-1: Ball 3-1: Foul Ball, location: 2F 3-2: Base on Balls
|
Batting: LHB Bryce Harper
|
0-0: Ball 1-0: Called Strike 1-1: Swinging Strike 1-2: Ball Cesar Hernandez steals 2nd base 2-2: Ball 3-2: Strikes out swinging
|
Batting: LHB Eric Thames
|
0-0: Ball 1-0: Called Strike 1-1: Ball 2-1: Ball 3-1: Foul Ball, location: 2F 3-2: Ground out 4-3 (Groundball, 4, EV 92.5 MPH)
|
Bottom of the 3rd over - 1 run, 1 hit, 0 errors, 1 left on base; New York 1 - Texas 2 |
TOP OF THE 4TH |
New York Yankees batting - Pitching for Texas Rangers : LHP Alex Wood
|
Batting: LHB Austin Allen
|
0-0: Ball 1-0: Fly out, F8 (Flyball, 8RM, EV 92.5 MPH)
|
Batting: RHB Eloy Jimenez
|
0-0: Ball 1-0: Called Strike 1-1: Called Strike 1-2: Ball 2-2: Foul Ball, location: 2F 2-2: Strikes out swinging
|
Batting: RHB Manuel Margot
|
0-0: Called Strike 0-1: Foul Ball, location: 2F 0-2: Ball 1-2: Ball 2-2: Foul Ball, location: 2F 2-2: Strikes out swinging
|
Top of the 4th over - 0 runs, 0 hits, 0 errors, 0 left on base; New York 1 - Texas 2 |
BOTTOM OF THE 4TH |
Texas Rangers batting - Pitching for New York Yankees : RHP Trevor Richards
|
Batting: LHB Joc Pederson
|
0-0: Ball 1-0: Foul Ball, location: 2F 1-1: Foul Ball, location: 2F 1-2: Ball 2-2: Ball 3-2: Foul Ball, location: 2F 3-2: DOUBLE (Flyball, 89D, EV 109.4 MPH)
|
Batting: RHB Andrelton Simmons
|
0-0: Called Strike 0-1: Ball 1-1: Called Strike 1-2: Ball 2-2: Foul Ball, location: 2F 2-2: Foul Ball, location: 2F 2-2: Ball 3-2: Base on Balls
|
Batting: LHB Max Muncy
|
0-0: Sac Bunt to 56S - play at first, batter OUT! 1-3 Joc Pederson to third Andrelton Simmons to second
|
Batting: RHB Max Stassi
|
0-0: Called Strike 0-1: Swinging Strike 0-2: Ball 1-2: Foul Ball, location: 2F 1-2: Strikes out swinging, 2-3 out at first.
|
Batting: LHB Luis Guillorme
|
0-0: Fly out, F7 (Flyball, 7D, EV 89.4 MPH)
|
Bottom of the 4th over - 0 runs, 1 hit, 0 errors, 2 left on base; New York 1 - Texas 2 |
TOP OF THE 5TH |
New York Yankees batting - Pitching for Texas Rangers : LHP Alex Wood
|
Batting: RHB Garrett Hampson
|
0-0: Foul Ball, location: 2F 0-1: Ground out 6-3 (Groundball, 6, EV 94.4 MPH)
|
Batting: LHB Brandon Crawford
|
0-0: Called Strike 0-1: Foul Ball, location: 2F 0-2: Fly out, F7 (Flyball, 7D, EV 97.5 MPH)
|
Batting: RHB Anthony Rendon
|
0-0: Called Strike 0-1: Fly out, F7 (Flyball, 7LMF, EV 108.8 MPH)
|
Top of the 5th over - 0 runs, 0 hits, 0 errors, 0 left on base; New York 1 - Texas 2 |
BOTTOM OF THE 5TH |
Texas Rangers batting - Pitching for New York Yankees : RHP Trevor Richards
|
Batting: LHB Ender Inciarte
|
0-0: Called Strike 0-1: Called Strike 0-2: Foul Ball, location: 2F 0-2: Foul Ball, location: 2F 0-2: Fly out, F8 (Line Drive, 8RD, EV 105.6 MPH)
|
Batting: SHB Cesar Hernandez
|
0-0: Ground out 4-3 (Groundball, 4, EV 83.8 MPH)
|
Batting: LHB Bryce Harper
|
0-0: Called Strike 0-1: Foul Ball, location: 2F 0-2: Ball 1-2: Ball 2-2: Ball 3-2: Foul Ball, location: 2F 3-2: SINGLE (Groundball, 4D, EV 105.0 MPH)
|
Batting: LHB Eric Thames
|
0-0: Ball 1-0: Hit by Pitch Bryce Harper to second
|
Batting: LHB Joc Pederson
|
0-0: Ball 1-0: Foul Ball, location: 2F 1-1: Foul Ball, location: 2F 1-2: DOUBLE (Line Drive, 9LM, EV 111.3 MPH) Bryce Harper scores Eric Thames to third
|
Batting: RHB Andrelton Simmons
|
0-0: Ball 1-0: SINGLE (Groundball, 6MD, EV 106.9 MPH) Eric Thames scores Joc Pederson to third
|
Batting: LHB Max Muncy
|
0-0: Called Strike 0-1: Ball 1-1: Swinging Strike 1-2: Strikes out swinging
|
Bottom of the 5th over - 2 runs, 3 hits, 0 errors, 2 left on base; New York 1 - Texas 4 |
TOP OF THE 6TH |
New York Yankees batting - Pitching for Texas Rangers : LHP Alex Wood
|
Batting: RHB Paul Goldschmidt
|
0-0: Foul Ball, location: 2F 0-1: Called Strike 0-2: Strikes out swinging
|
Batting: LHB Willie Calhoun
|
0-0: Ball 1-0: Called Strike 1-1: Called Strike 1-2: Ball 2-2: Foul Ball, location: 2F 2-2: Hit by Pitch
|
Batting: RHB Ryan Braun
|
0-0: Fly out, F8 (Flyball, 8RS, EV 80.6 MPH)
|
Batting: LHB Austin Allen
|
0-0: Foul Ball, location: 2F 0-1: Foul Ball, location: 2F 0-2: Ball 1-2: Strikes out swinging
|
Top of the 6th over - 0 runs, 0 hits, 0 errors, 1 left on base; New York 1 - Texas 4 |
BOTTOM OF THE 6TH |
Texas Rangers batting - Pitching for New York Yankees : RHP Trevor Richards
|
Pitching: RHP Kyle Zimmer
|
|
Batting: RHB Max Stassi
|
0-0: Ball 1-0: Ball 2-0: Foul Ball, location: 2F 2-1: Ground out 6-3 (Groundball, 6M, EV 83.1 MPH)
|
Batting: LHB Luis Guillorme
|
0-0: Ball 1-0: Ball 2-0: Ball 3-0: Base on Balls
|
Batting: LHB Ender Inciarte
|
0-0: Called Strike 0-1: Ball 1-1: Ball 2-1: Ball 3-1: Fly out, F7 (Flyball, 7S, EV 89.4 MPH)
|
Batting: SHB Cesar Hernandez
|
0-0: Fielders Choice at 2nd, 6-4 (Groundball, 6, EV 96.9 MPH)
|
Bottom of the 6th over - 0 runs, 0 hits, 0 errors, 1 left on base; New York 1 - Texas 4 |
TOP OF THE 7TH |
New York Yankees batting - Pitching for Texas Rangers : LHP Alex Wood
|
Pitching: RHP Pat Neshek
|
|
Batting: RHB Eloy Jimenez
|
0-0: Ball 1-0: Swinging Strike 1-1: Called Strike 1-2: Strikes out swinging
|
Batting: RHB Manuel Margot
|
0-0: Swinging Strike 0-1: Swinging Strike 0-2: Foul Ball, location: 2F 0-2: Foul Ball, location: 2F 0-2: Ball 1-2: Strikes out looking
|
Batting: RHB Garrett Hampson
|
0-0: Foul Ball, location: 2F 0-1: SINGLE (Groundball, 25, EV 70.6 MPH) (infield hit)
|
Batting: LHB Brandon Crawford
|
0-0: Called Strike 0-1: Ball 1-1: Swinging Strike 1-2: Ground out 1-3 (Groundball, 13, EV 78.1 MPH)
|
Top of the 7th over - 0 runs, 1 hit, 0 errors, 1 left on base; New York 1 - Texas 4 |
BOTTOM OF THE 7TH |
Texas Rangers batting - Pitching for New York Yankees : RHP Kyle Zimmer
|
Pitching: LHP Xavier Cedeno
|
|
Batting: LHB Bryce Harper
|
0-0: Foul Ball, location: 2F 0-1: Ball 1-1: Ball 2-1: Ground out 6-3 (Groundball, 4MD, EV 92.5 MPH)
|
Batting: LHB Eric Thames
|
0-0: Ball 1-0: Ground out 1-3 (Groundball, 13S, EV 71.9 MPH)
|
Batting: LHB Joc Pederson
|
0-0: SOLO HOME RUN (Flyball, 89XD, EV 106.3 MPH), Distance : 436 ft
|
Batting: RHB Andrelton Simmons
|
0-0: Foul Ball, location: 2F 0-1: Foul Ball, location: 2F 0-2: Foul Ball, location: 2F 0-2: Ball 1-2: Strikes out swinging
|
Bottom of the 7th over - 1 run, 1 hit, 0 errors, 0 left on base; New York 1 - Texas 5 |
TOP OF THE 8TH |
New York Yankees batting - Pitching for Texas Rangers : RHP Pat Neshek
|
Pitching: RHP Ryan Burr
|
|
Batting: RHB Anthony Rendon
|
0-0: Called Strike 0-1: Ball 1-1: Ball 2-1: Ball 3-1: Swinging Strike 3-2: Base on Balls
|
Batting: RHB Paul Goldschmidt
|
0-0: Ball 1-0: Foul Ball, location: 2F 1-1: SINGLE (Groundball, 6MD, EV 98.8 MPH) Anthony Rendon to second Runner from 2nd tries for 3rd, SAFE, throw by CF made to third
|
Batting: LHB Willie Calhoun
|
0-0: Ball 1-0: Ball 2-0: Ball 3-0: Called Strike 3-1: SINGLE (Line Drive, 89M, EV 98.1 MPH) Anthony Rendon scores Paul Goldschmidt to second
|
Batting: RHB Ryan Braun
|
0-0: Ball 1-0: Ball Wild Pitch! Paul Goldschmidt to third Willie Calhoun to second 2-0: SINGLE (Groundball, 56, EV 105.6 MPH) (infield hit) Paul Goldschmidt scores Willie Calhoun to third
|
Pinch Hitting: LHB Scooter Gennett
|
0-0: Ball 1-0: Ball 2-0: Fielders Choice at 2nd, 6-4 (Groundball, 6, EV 88.8 MPH) Willie Calhoun scores
|
Pitching: RHP Reyes Moronta
|
|
Batting: RHB Eloy Jimenez
|
0-0: Grounds into double play, 6-4-3 (Groundball, 56, EV 102.5 MPH)
|
Top of the 8th over - 3 runs, 3 hits, 0 errors, 0 left on base; New York 4 - Texas 5 |
BOTTOM OF THE 8TH |
Texas Rangers batting - Pitching for New York Yankees : LHP Xavier Cedeno
|
Pitching: RHP Shane Greene
|
|
Now at C: Garrett Stubbs
|
|
Batting: LHB Max Muncy
|
0-0: Called Strike 0-1: Fly out, F6 (Popup, 56D, EV 48.8 MPH)
|
Batting: RHB Max Stassi
|
0-0: Ball 1-0: Called Strike 1-1: Foul Ball, location: 2F 1-2: Ball 2-2: Ball 3-2: Strikes out looking
|
Batting: LHB Luis Guillorme
|
0-0: Ball 1-0: Ball 2-0: Swinging Strike 2-1: Ball 3-1: Base on Balls
|
Batting: LHB Ender Inciarte
|
0-0: Foul Ball, location: 2F 0-1: Swinging Strike 0-2: Ball 1-2: Fly out, F8 (Line Drive, 8LM, EV 86.3 MPH)
|
Bottom of the 8th over - 0 runs, 0 hits, 0 errors, 1 left on base; New York 4 - Texas 5 |
TOP OF THE 9TH |
New York Yankees batting - Pitching for Texas Rangers : RHP Reyes Moronta
|
Batting: RHB Manuel Margot
|
0-0: Foul Ball, location: 2F 0-1: Ball 1-1: Foul Ball, location: 2F 1-2: Ball 2-2: Fly out, F8 (Line Drive, 8RD, EV 91.3 MPH)
|
Batting: RHB Garrett Hampson
|
0-0: Ball 1-0: Ball 2-0: Ball 3-0: Called Strike 3-1: Base on Balls
|
Batting: LHB Brandon Crawford
|
0-0: Foul Ball, location: 2F 0-1: Ball 1-1: Ball 2-1: Called Strike 2-2: Ball 3-2: SINGLE (Groundball, 34D, EV 98.8 MPH) Garrett Hampson to second Runner from 2nd tries for 3rd, SAFE, throw by RF made to third
|
Batting: RHB Anthony Rendon
|
0-0: SINGLE (Flyball, 9S, EV 88.1 MPH) Garrett Hampson scores Brandon Crawford to second Runner from 2nd tries for 3rd, SAFE, no throw by RF
|
Batting: RHB Paul Goldschmidt
|
0-0: Ball 1-0: Foul Ball, location: 2F 1-1: 3-RUN HOME RUN (Flyball, 7D, EV 106.3 MPH), Distance : 383 ft
|
Pitching: LHP Andrew Chafin
|
|
Batting: LHB Willie Calhoun
|
0-0: Swinging Strike 0-1: Ball 1-1: Called Strike 1-2: Ball 2-2: Strikes out swinging
|
Batting: RHB Ryan Braun
|
0-0: Swinging Strike 0-1: Swinging Strike 0-2: Ball 1-2: Ball 2-2: Ball 3-2: Base on Balls
|
Batting: LHB Garrett Stubbs
|
0-0: Ball 1-0: Foul Ball, location: 2F 1-1: Foul Ball, location: 2F 1-2: SINGLE (Groundball, 4D, EV 110.6 MPH) Ryan Braun to second Runner from 2nd tries for 3rd, SAFE, throw by CF made to third
|
Batting: RHB Eloy Jimenez
|
0-0: Called Strike 0-1: SINGLE (Line Drive, 8LS, EV 104.4 MPH) Ryan Braun scores Garrett Stubbs to second
|
Batting: RHB Manuel Margot
|
0-0: Foul Ball, location: 2F 0-1: Fly out, F8 (Flyball, 8LM, EV 95.6 MPH)
|
Top of the 9th over - 5 runs, 5 hits, 0 errors, 2 left on base; New York 9 - Texas 5 |
BOTTOM OF THE 9TH |
Texas Rangers batting - Pitching for New York Yankees : RHP Shane Greene
|
Pitching: RHP Wade Davis
|
|
Batting: SHB Cesar Hernandez
|
0-0: Foul Ball, location: 2F 0-1: Ball 1-1: Ball 2-1: Foul Ball, location: 2F 2-2: Foul Ball, location: 2F 2-2: Ball 3-2: Foul Ball, location: 2F 3-2: Ground out 6-3 (Groundball, 6, EV 96.3 MPH)
|
Batting: LHB Bryce Harper
|
0-0: DOUBLE (Flyball, 8RXD, EV 93.8 MPH)
|
Batting: LHB Eric Thames
|
0-0: Called Strike 0-1: Called Strike 0-2: Strikes out swinging
|
Batting: LHB Joc Pederson
|
0-0: Called Strike 0-1: Called Strike 0-2: Ball 1-2: Ball 2-2: Ball 3-2: 2-RUN HOME RUN (Flyball, 9D, EV 99.4 MPH), Distance : 368 ft
|
Batting: RHB Andrelton Simmons
|
0-0: Fly out, F7 (Flyball, 7D, EV 76.9 MPH)
|
Bottom of the 9th over - 2 runs, 2 hits, 0 errors, 0 left on base; New York 9 - Texas 7 |
|